 Dungeon Crawl Stone Soup version 0.22-a0-147-gfdd7f25 (webtiles) character file.

62 tof the Covered (level 3, 0/33 HPs)
             Began as a Minotaur Fighter on Feb 6, 2018.
             Slain by a goblin
             ... wielding a +0 club
             ... led by Robin
              (7 damage)
             ... on level 3 of the Dungeon.
             The game lasted 00:01:43 (1407 turns).

tof the Covered (Minotaur Fighter)                  Turns: 1407, Time: 00:01:44

Health: 0/33       AC:  0    Str: 20    XL:     3   Next: 85%
Magic:  2/2        EV: 13    Int:  5    God:
Gold:   79         SH:  0    Dex: 10    Spells: 2/2 levels left

rFire    . . .     SeeInvis .   (weapon currently unavailable)
rCold    . . .     Gourm    .   (shield currently unavailable)
rNeg     . . .     Faith    .   (armour currently unavailable)
rPois    .         Spirit   .   (helmet currently unavailable)
rElec    .         Reflect  .   (cloak currently unavailable)
rCorr    .         Harm     .   (gloves currently unavailable)
MR       .....                  (boots currently unavailable)
Stlth    +.........             (no amulet)
HPRegen  0.11/turn              (ring currently unavailable)
MPRegen  0.08/turn              (ring currently unavailable)

@: pig-form (expiring), very quick
A: small, (retaliatory headbutt)
a: no special abilities


You were on level 3 of the Dungeon.
You were hungry.
You were a filthy swine.
You visited 1 branch of the dungeon, and saw 3 of its levels.

You collected 79 gold pieces.

Inventory:

Hand Weapons
 h - a +0 mace of crushing
 m - a +2 morningstar of protection (melded)
Armour
 b - a +0 scale mail (melded)
 c - a +0 shield (melded)
Jewellery
 i - an uncursed amulet of harm {unknown}
 l - a +2 ring of intelligence {unknown}
Scrolls
 e - a scroll of noise {unknown}
 j - a scroll of remove curse {unknown}
 k - a scroll of identify {unknown}
Potions
 a - a potion of curing {unknown}
 d - a potion of might
 g - a potion of flight {unknown}
Comestibles
 f - 2 rations


   Skills:
 + Level 4.1 Fighting
 * Level 3.7 Maces & Flails
 + Level 4.2 Armour
 + Level 4.1 Shields


You had 2 spell levels left.
You didn't know any spells.

Dungeon Overview and Level Annotations

Branches:
Dungeon (3/15)

Altars:
Dithmenos
Hepliaklqana
Yredelemnul

Annotations:
D:3 Robin


Innate Abilities, Weirdness & Mutations

((You reflexively headbutt those who attack you in melee.))
((You have a pair of horns on your head.))


Message History

The goblin zaps a wand.
You resist with significant effort. The goblin misses you.
You completely miss the goblin.
The goblin is severely wounded.
The goblin zaps a wand.
You barely miss the goblin.
The goblin is severely wounded.
Your transformation is almost over.
The goblin misses you. The goblin hits you with a club.
You closely miss the goblin.
The goblin is severely wounded.
The goblin no longer looks unusually strong.
The goblin hits you.
The goblin zaps a wand.
You miss the goblin.
The goblin is severely wounded.
The goblin no longer looks unusually strong.
The goblin hits you.
* * * LOW HITPOINT WARNING * * *
The goblin hits you with a club!
You die...

#.......# ##
##.....## #.
##...## #.
#######'### ##.
#.........# ..
#.#####.#.## #g #.#
##)#...
#g######.####.....#
#gh.).............#
########.##.#......
#.##....#..#
#.#####.#..# #..
.....# ### #.##..
.# #


You could see Robin and 2 goblins.

Vanquished Creatures
  A howler monkey zombie (D:3)
  A worm (D:2)
  A dart slug (D:2)
  2 leopard geckos
  An orc (D:3)
  8 bats
  2 giant cockroaches
  7 goblins
  9 hobgoblins
  A ball python (D:2)
  2 frilled lizards (D:2)
  2 kobolds (D:1)
  4 rats
41 creatures vanquished.

Notes
Turn   | Place    | Note
-------+----------+-------------------------------------------
     0 | D:1      | tof the Minotaur Fighter began the quest for the Orb.
     0 | D:1      | Reached XP level 1. HP: 19/19 MP: 0/0
   173 | D:1      | Reached XP level 2. HP: 27/27 MP: 1/1
   642 | D:1      | You fall through a shaft!
   844 | D:2      | Reached XP level 3. HP: 33/33 MP: 2/2
   982 | D:2      | Found a hazy altar of Hepliaklqana.
  1074 | D:2      | Found a basalt altar of Yredelemnul.
  1340 | D:3      | Found a shadowy altar of Dithmenos.
  1392 | D:3      | Noticed Robin
  1407 | D:3      | Slain by a goblin

Vault maps used:
D:1:      dpeg_arrival_tiny_g
D:2:      lemuel_doored_altar, yredelemnul_altar_generic
D:3:      marbit_many_paths, nicolae_dithmenos_shadow_blocks, uniq_robin,
          uniq_purgy

Skill      XL: |  1  2  3 |
---------------+----------+-----
Maces & Flails | 3 |  3.7
Fighting       | 4 |  4.1
Armour         | 4 |  4.2
Shields        | 4 |  4.1

Action                   || total
-------------------------++-------
Melee: Flail             ||    31
       Mace              ||    41
       Headbutt          ||     5
       Morningstar       ||    20
       Unarmed           ||    11
  Eat: Chunk             ||     1
Armor: Scale mail        ||    41
Dodge: Dodged            ||    31
Block: Shield            ||    65

Table legend:
 A = Spawn XP
 B = Non-spawn XP
 C = Spawn XP percentage of total XP
 D = Spawn monster count
 E = Non-spawn monster count
 F = Spawn count percentage of total count
 G = Total turns spent on level
                    A         B        C        D         E        F      G
               +---------+---------+-------+---------+---------+-------+---------
         Total |       0 |      89 |   0.0 |       0 |      41 |   0.0 |  1407
               +---------+---------+-------+---------+---------+-------+---------
           D:1 |       0 |      28 |   0.0 |       0 |      17 |   0.0 |   689
           D:2 |       0 |      28 |   0.0 |       0 |      14 |   0.0 |   604
           D:3 |       0 |      33 |   0.0 |       0 |      10 |   0.0 |   114
               +---------+---------+-------+---------+---------+-------+---------
